 Dungeon Crawl Stone Soup version 0.30-a0-310-g7d6cbdfea6 (webtiles) character file.

Game seed: 14678526470521087478

150 hikkokomori the Caller (level 4, 0/33 HPs)
             Began as a Demigod Summoner on Oct 25, 2022.
             Killed from afar by an orc wizard (10 damage)
             ... with a magic dart
             ... on level 3 of the Dungeon.
             The game lasted 00:07:28 (1666 turns).

hikkokomori the Caller (Demigod Summoner)           Turns: 1666, Time: 00:07:30

Health: 0/33       AC:  2    Str:  9    XL:     4   Next: 84%
Magic:  3/10       EV: 12    Int: 17    God:
Gold:   86         SH:  0    Dex: 18    Spells: 1/7 levels left

rFire   . . .      SeeInvis .    m - +0 trident
rCold   . . .      Faith    .    (no shield)
rNeg    + . .      Spirit   .    a - +0 robe
rPois   .          Reflect  .    (no helmet)
rElec   .          Harm     .    (no cloak)
rCorr   .          Rampage  .    (no gloves)
Will    .....                    (no boots)
Stlth   ++........               (no amulet)
HPRegen 0.25/turn                i - ring of positive energy
MPRegen 0.12/turn                (no ring)

@: very slightly contaminated
A: high MP 1, forlorn, divine attributes
a: no special abilities


You were on level 3 of the Dungeon.
You visited 1 branch of the dungeon, and saw 3 of its levels.

You collected 86 gold pieces.

Inventory:

Hand Weapons
 c - a +0 short sword
 j - a +0 mace
 m - a +0 trident (weapon)
Armour
 a - a +0 robe (worn)
Jewellery
 i - a ring of positive energy (left hand)
Scrolls
 d - 3 scrolls of identify
 e - a scroll of amnesia
 f - 3 scrolls of magic mapping
Potions
 b - a potion of magic
 g - 2 potions of curing
 h - a potion of lignification
 k - a potion of brilliance
 l - a potion of berserk rage


   Skills:
 - Level 2.1 Dodging
 - Level 2.1 Stealth
 + Level 2.4 Spellcasting
 + Level 5.2 Summonings


You had one spell level left.
You knew the following spells:

 Your Spells              Type           Power      Damage    Failure   Level
a - Summon Small Mammal   Summ           80%        N/A       2%          1
b - Call Imp              Summ           20%        N/A       3%          2
c - Call Canine Familiar  Summ           20%        N/A       6%          3

Your spell library contained the following spells:

 Spells                   Type           Power      Damage    Failure   Level
 Summon Guardian Golem    Hex/Summ       11%        N/A       19%         3
 Blink                    Tloc           4%         N/A       28%         2
 Summon Lightning Spire   Summ/Air       11%        N/A       52%         4
 Manifold Assault         Tloc           2%         N/A       88%         4
 Orb of Destruction       Conj           1%         9d5       100%        7
 Spellforged Servitor     Conj/Summ      5%         N/A       100%        7
 Storm Form               Tmut/Air       1%         N/A       100%        7


Dungeon Overview and Level Annotations

Branches:
Dungeon (3/15)

Annotations:
D:2 Natasha


Innate Abilities, Weirdness & Mutations

You have an increased reservoir of magic. (+10% MP)
You shall have no god before yourself.
Your divine heritage dramatically boosts your attributes as you level up.


Message History

Unknown command.
Casting: Call Canine Familiar (dangerous; 6% risk of failure)
Confirm with . or Enter, or press ? or * to list all spells.
The orc wizard closely misses you.
Unknown command.
Okay, then.
Okay, then.
Press: ? - help, v - describe, . - travel
Here: an orc wizard, wielding a +0 dagger and wearing a +0 robe (moderately wounded, ally target)
The floor.
Casting: Call Canine Familiar (dangerous; 6% risk of failure)
Confirm with . or Enter, or press ? or * to list all spells.
Okay, then.
You feel better. The orc wizard completely misses you.
Your hound barely misses the orc wizard.
Unknown command.
You closely miss the orc wizard.
The orc wizard is moderately wounded.
Your hound bites the orc wizard.
The orc wizard hits you with a +0 dagger.
Your hound barely misses the orc wizard.
Unknown command.
Unknown command.
Casting: Call Canine Familiar (dangerous; 6% risk of failure)
Confirm with . or Enter, or press ? or * to list all spells.
Your hound closely misses the orc wizard.
The orc wizard hits you with a +0 dagger.
Your hound misses the orc wizard.
Casting: Summon Small Mammal (safe; 2% risk of failure)
Confirm with . or Enter, or press ? or * to list all spells.
You don't know that spell.
Unknown command.
Casting: Summon Small Mammal (safe; 2% risk of failure)
Confirm with . or Enter, or press ? or * to list all spells.
You miscast Call Imp.
You are very lightly contaminated with residual magic.
Nothing appears to happen.
The orc wizard gestures at you while chanting.
The magic dart hits you!
You die...

*,*
#.#**#.#,*,,,,*
*,* #.# #.#,******
*,* #.## #.#,* *,*
#†.###.#,*
#.#######?..##.#,*
#.........#.)).#,*
####..#.##.##r.#,#
#....#.[.#..#.#
#.#..#...#.@o.#
#.#..#.#.#.h.!#
#....##,##.####
###...,,,..#
####,,.### **##*


You could see an orc wizard (ally target), a friendly hound (summoned) and a
friendly quokka (summoned).

Vanquished Creatures
  An adder (D:2)
  6 dart slugs
  3 orcs (D:3)
  3 ball pythons
  4 goblins
  6 hobgoblins
  A jackal (D:1)
  4 kobolds
  3 quokkas (D:2)
  5 bats (D:1)
  3 frilled lizards
  4 rats (D:1)
43 creatures vanquished.

Vanquished Creatures (collateral kills)
  An orc priest (D:3)
  3 adders
  A dart slug (D:3)
  An orc (D:3)
  A ball python (D:2)
  7 endoplasms
  3 hobgoblins
  A jackal (D:1)
  A quokka (D:2)
  A frilled lizard (D:2)
  2 rats
22 creatures vanquished.

Grand Total: 65 creatures vanquished

Notes
Turn   | Place    | Note
-------+----------+-------------------------------------------
     0 | D:1      | hikkokomori the Demigod Summoner began the quest for the
                  | Orb.
     0 | D:1      | Reached XP level 1. HP: 14/14 MP: 5/5
   162 | D:1      | Reached XP level 2. HP: 20/20 MP: 7/7
   462 | D:1      | Reached skill level 4 in Summonings
   603 | D:1      | Reached XP level 3. HP: 22/26 MP: 8/8
  1306 | D:2      | Reached XP level 4. HP: 33/33 MP: 9/9
  1308 | D:2      | Noticed Natasha
  1459 | D:2      | Reached skill level 5 in Summonings
  1582 | D:3      | Learned a level 2 spell: Call Imp
  1586 | D:3      | Learned a level 3 spell: Call Canine Familiar
  1666 | D:3      | Killed from afar by an orc wizard

Illustrated notes

Levels and vault maps discovered:
D:1:      minmay_arrival_up_and_down, layout_loops_ring,
          nicolae_figureground_pulse
D:2:      layout_rooms, basic_altar, uniq_natasha
D:3:      layout_basic, mainiacjoe_overflow_alcove_1, lemuel_tele_altar,
          serial_shops, shop_fountains, cheibrodos_sewer_entry_sluice,
          minmay_distorted

Skill      XL: |  1  2  3  4 |
---------------+-------------+-----
Stealth        | 2 |  2.1
Dodging        | 2 |  2.1
Spellcasting   | 2 |  2.4
Summonings     | 4 5 |  5.2

Action                   |  1- 3 |  4- 6 || total
-------------------------+-------+-------++-------
Melee: Short sword       |   140 |       ||   140
       Unarmed           |     4 |       ||     4
       Punch             |     2 |       ||     2
       Trident           |    23 |    36 ||    59
 Cast: Summon Small Mamm |    22 |     5 ||    27
       Call Canine Famil |       |     3 ||     3
       Call Imp          |       |     1 ||     1
  Use: Scroll            |       |     7 ||     7
       Potion            |       |     1 ||     1
 Stab: Sleeping          |     7 |     1 ||     8
       Distracted        |     1 |       ||     1
Armor: Robe              |    34 |     4 ||    38
Dodge: Dodged            |   132 |    26 ||   158

Table legend: (Time is in decaauts)
 A = Elapsed time spent in this place.
 B = Non-inter-level travel time spent in this place.
 C = Inter-level travel time spent in this place.
 D = Time resting spent in this place.
 E = Time spent auto-exploring this place.
 F = Levels seen in this place.
 G = Mean time per level.
                   A        B        C        D        E       F      G
               +--------+--------+--------+--------+--------+-----+--------+
         Total |   1683 |   1644 |     39 |     96 |    938 |   3 |  561.0 |
       Dungeon |   1683 |   1644 |     39 |     96 |    938 |   3 |  561.0 |
               +--------+--------+--------+--------+--------+-----+--------+

Top non-repeatable levels by time:
     D:1: 922 daAuts
     D:2: 667 daAuts
     D:3: 93 daAuts
